 Dungeon Crawl Stone Soup version 0.29-a0-330-g52719c12eb (webtiles) character file.

Game seed: 14738309268555329042

10451 vineage the Fighter (level 11, -6/76 HPs)
             Began as a Gargoyle Fighter on May 6, 2022.
             Was a High Priest of Okawaru.
             Mangled by a manticore (10 damage)
             ... on level 11 of the Dungeon.
             The game lasted 00:12:54 (14466 turns).

vineage the Fighter (Gargoyle Fighter)             Turns: 14466, Time: 00:12:55

Health: -6/76      AC: 19    Str: 21    XL:     11   Next: 62%
Magic:  10/11      EV:  9    Int: 10    God:    Okawaru [*****.]
Gold:   362        SH: 10    Dex: 11    Spells: 10/10 levels left

rFire   . . .      SeeInvis .   f - +5 mace (freeze)
rCold   + + .      Faith    .   q - +0 kite shield
rNeg    + . .      Spirit   .   o - +3 ring mail {rC+}
rPois   ∞          Reflect  .   C - +0 hat {Stlth+}
rElec   +          Harm     .   (no cloak)
rCorr   .          Rampage  .   (no gloves)
Will    +....                   t - +0 pair of boots
Stlth   ++........              (no amulet)
HPRegen 0.22/turn               b - ring of willpower
MPRegen 0.12/turn               x - ring of protection from cold

@: no status effects
A: sickness immunity, AC +8, negative energy resistance 1, electricity
resistance, torment resistance 1, petrification resistance
a: Renounce Religion, Heroism, Finesse, Duel


You were on level 11 of the Dungeon.
You worshipped Okawaru.
Okawaru was extremely pleased with you.
You visited 2 branches of the dungeon, and saw 12 of its levels.
You also visited: Sewer.

You collected 532 gold pieces.
You spent 170 gold pieces at shops.

Inventory:

Hand Weapons
 a - a +1 flail
 f - a +5 mace of freezing (weapon)
 w - a +1 whip of electrocution
Missiles
 F - a throwing net (quivered)
Armour
 g - a +2 helmet
 o - a +3 ring mail of cold resistance (worn)
 q - a +0 kite shield (worn)
 t - a +0 pair of boots (worn)
 C - a +0 hat of stealth (worn)
Jewellery
 b - a ring of willpower (left hand)
 x - a ring of protection from cold (right hand)
Wands
 c - a wand of iceblast (13)
 u - a wand of acid (9)
 v - a wand of polymorph (13)
 y - a wand of paralysis (2)
 D - a wand of flame (19)
Scrolls
 d - 11 scrolls of teleportation
 e - 2 scrolls of torment
 i - 4 scrolls of blinking
 j - a scroll of enchant armour
 p - 9 scrolls of identify
 r - a scroll of amnesia
 A - a scroll of enchant weapon
 E - a scroll of magic mapping {unknown}
Potions
 h - 3 potions of flight
 k - 4 potions of curing
 l - 2 potions of magic
 m - 2 potions of attraction
 n - 2 potions of brilliance
 s - 5 potions of lignification
 z - a potion of mutation
 B - 2 potions of might
 G - 3 potions of heal wounds
 H - a potion of invisibility {unknown}
 I - 2 potions of haste {unknown}


   Skills:
 * Level 11.9 Fighting
 * Level 10.7 Maces & Flails
 + Level 8.8 Armour
 + Level 8.6 Shields


You had 10 spell levels left.
You didn't know any spells.
Your spell library contained the following spells:

 Spells                   Type           Power      Damage    Failure   Level
 Freeze                   Ice            0%         1d3       80%         1
 Confusing Touch          Hex            0%         N/A       99%         3
 Gell's Gravitas          Tloc           0%         N/A       99%         3
 Portal Projectile        Hex/Tloc       0%         N/A       99%         3
 Teleport Other           Tloc           0%         N/A       99%         3
 Leda's Liquefaction      Hex/Erth       0%         N/A       100%        4
 Blade Hands              Tmut           0%         N/A       100%        5
 Excruciating Wounds      Necr           0%         N/A       100%        5
 Fireball                 Conj/Fire      0%         3d3       100%        5
 Yara's Violent Unravell  Hex/Tmut       0%         3d3       100%        5
 Dispersal                Tloc           0%         N/A       100%        6
 Starburst                Conj/Fire      0%         6d3       100%        6
 Enfeeble                 Hex            0%         N/A       100%        7
 Ignition                 Fire           0%         3d3       100%        8
 Call Canine Familiar     Summ           Unusable   N/A       N/A         3

Dungeon Overview and Level Annotations

Branches:
Dungeon (11/15)            Temple (1/1) D:4            Lair (0/6) D:11
    Orc (0/2) D:10          Sewer (visited)

Altars:
Ashenzari
Cheibriados
Dithmenos
Elyvilon
Fedhas
Gozag
Hepliaklqana
Kikubaaqudgha
Makhleb
Nemelex Xobeh
Okawaru
Qazlal
Ru
Trog
Uskayaw
Vehumet
Wu Jian
Xom
Yredelemnul
Zin
The Shining One

Shops:
D:10 [   D:11 !

Annotations:
D:11 exclusion: oklob plant


Innate Abilities, Weirdness & Mutations

You are immune to sickness and miasma.
Your stone body is resilient. (AC +8)
You are immune to poison.
You resist negative energy. (rN+)
You are resistant to electric shocks. (rElec)
You are resistant to unholy torment.
You are immune to petrification.


Message History

The troll is moderately wounded.
You block the troll's attack. The troll barely misses you. The troll claws you.
You bludgeon the troll!! You freeze the troll.
The troll is almost dead.
You block the troll's attack. The troll misses you.
The troll claws you but does no damage.
You sock the troll! You freeze the troll.
You kill the troll!
Okawaru accepts your kill. You block the manticore's attack.
The manticore claws you but does no damage.
You block the manticore's attack.
You see here a troll corpse.
You barely miss the manticore. You block the manticore's attack.
The manticore claws you. You block the manticore's attack.
You sock the manticore! You freeze the manticore!
The manticore is heavily wounded.
The manticore bites you!
* * * LOW HITPOINT WARNING * * *
The manticore barely misses you. You block the manticore's attack.
You hit the manticore. You freeze the manticore.
The manticore is heavily wounded.
The manticore bites you but does no damage.
The manticore closely misses you.
The manticore claws you but does no damage.
You barely miss the manticore.
The manticore is heavily wounded.
You feel like a meek peon again. The manticore bites you.
* * * LOW HITPOINT WARNING * * *
The manticore claws you but does no damage.
You block the manticore's attack.
You hit the manticore. You freeze the manticore.
The manticore is severely wounded.
You block the manticore's attack. x2; The manticore claws you!
* * * LOW HITPOINT WARNING * * *
You barely miss the manticore.
The manticore is severely wounded.
The manticore bites you!
You die...

# #.# .# #
#.########.##.# #
#..........##.#
...#..##########.#
##.#..........##.#
...#..#######.##.#
####..# #..††##.#
#..# #...###H#
#.## #...# #@# #.#
#...###.# #.
#.......# ## #.
#...../.# .
..[........#
####.......#
#.......#
#.......#
#.......#


You could see a manticore.

Vanquished Creatures
  Gastronok (D:8)
  A centaur warrior (D:9)
  A two-headed ogre (D:10)
  Pikel (D:6)
  2 kobold demonologists (D:10)
  2 trolls (D:11)
  Grinder (D:4)
  2 wyverns
  2 wraiths
  A vampire (D:8)
  6 yaks (D:8)
  4 steam dragons
  3 vampire mosquitoes (D:11)
  A water moccasin (D:6)
  2 acid dragons
  Pargi (Sewer)
  3 ice beasts
  An ogre (D:8)
  3 centaurs
  5 kobold brigands
  2 gnoll sergeants
  A bullfrog (D:7)
  3 necrophages
  3 scorpions
  13 wights
  10 killer bees (D:8)
  A howler monkey (D:9)
  An electric eel (D:10)
  3 jellies
  6 hounds
  3 orc priests
  2 iguanas (D:5)
  7 orc wizards
  Natasha (thrice) (D:3)
  11 gnolls
  15 adders
  A shadow imp (D:8)
  2 white imps
  An ufetubus (D:5)
  2 worms (D:4)
  2 dart slugs (D:4)
  25 orcs
  5 bats
  3 endoplasms
  8 giant cockroaches
  7 goblins
  6 hobgoblins
  12 jackals
  39 kobolds
  2 quokkas
  12 ball pythons
  6 frilled lizards
  4 rats
  A bush (D:1)
265 creatures vanquished.

Vanquished Creatures (others)
  2 fungi (D:1)
  39 plants
41 creatures vanquished.

Grand Total: 306 creatures vanquished

Notes
Turn   | Place    | Note
-------+----------+-------------------------------------------
     0 | D:1      | vineage the Gargoyle Fighter began the quest for the Orb.
     0 | D:1      | Reached XP level 1. HP: 14/14 MP: 1/1
   411 | D:1      | Reached XP level 2. HP: 17/19 MP: 2/2
   803 | D:1      | Found a faded altar of an unknown god.
   808 | D:1      | Got Plato's Disquisition on Ice
   901 | D:1      | Reached XP level 3. HP: 24/24 MP: 3/3
  2162 | D:3      | Found a glowing drain.
  2195 | D:3      | Reached skill level 4 in Fighting
  2199 | D:3      | Reached XP level 4. HP: 27/29 MP: 4/4
  2396 | Sewer    | Entered a sewer
  2434 | Sewer    | Noticed Pargi
  2449 | Sewer    | Killed Pargi
  2450 | Sewer    | Reached XP level 5. HP: 21/34 MP: 5/5
  2653 | D:3      | Found a blossoming altar of Fedhas.
  2668 | D:3      | Found a stormy altar of Qazlal.
  2760 | D:3      | Noticed a centaur
  2772 | D:3      | Killed a centaur
  2773 | D:3      | Reached skill level 5 in Fighting
  2773 | D:3      | Reached XP level 6. HP: 25/40 MP: 6/6
  2966 | D:3      | Noticed Natasha
  2971 | D:3      | Killed Natasha
  3058 | D:3      | Found a hazy altar of Hepliaklqana.
  3091 | D:3      | Noticed Natasha
  3097 | D:3      | Killed Natasha
  3171 | D:3      | Noticed Natasha
  3179 | D:3      | Killed Natasha
  3382 | D:4      | Found a staircase to the Ecumenical Temple.
  3453 | Temple   | Entered the Ecumenical Temple
  3512 | Temple   | Became a worshipper of Warmaster Okawaru
  3602 | D:4      | Reached XP level 7. HP: 44/44 MP: 7/7
  4191 | D:4      | Reached skill level 6 in Fighting
  4191 | D:4      | Reached skill level 5 in Maces & Flails
  4336 | D:4      | Noticed Grinder
  4350 | D:4      | Paralysed by Grinder for 6 turns
  4368 | D:4      | Paralysed by Grinder for 2 turns
  4376 | D:4      | Killed Grinder
  4376 | D:4      | Reached * piety under Okawaru
  4377 | D:4      | Reached skill level 5 in Armour
  4377 | D:4      | Reached skill level 5 in Shields
  4377 | D:4      | Reached XP level 8. HP: 16/52 MP: 8/8
  4971 | D:5      | Entered Level 5 of the Dungeon
  5017 | D:5      | Found a sacrificial altar of Ru.
  5227 | D:5      | Found a glowing silver altar of Zin.
  5397 | D:5      | Reached skill level 7 in Fighting
  5681 | D:5      | Reached ** piety under Okawaru
  6129 | D:6      | Identified the +3 war axe of Resourcefulness {vorpal, rElec
                  | rC- Int+5}
  6135 | D:6      | Found a shimmering altar of Xom.
  6338 | D:6      | Noticed Pikel
  6366 | D:6      | Killed Pikel
  6367 | D:6      | Reached skill level 8 in Fighting
  6367 | D:6      | Reached XP level 9. HP: 49/59 MP: 7/9
  6462 | D:6      | Found a sparkling altar of Nemelex Xobeh.
  8189 | D:7      | Found an ornate altar of the Wu Jian Council.
  8460 | D:7      | Reached skill level 9 in Fighting
  8510 | D:7      | Reached *** piety under Okawaru
  8844 | D:8      | Reached XP level 10. HP: 52/66 MP: 10/10
  9097 | D:8      | Noticed Gastronok
  9122 | D:8      | Killed Gastronok
  9122 | D:8      | Reached **** piety under Okawaru
  9123 | D:8      | Reached skill level 10 in Fighting
  9698 | D:8      | Found an opulent altar of Gozag.
  9758 | D:8      | Reached ***** piety under Okawaru
 10743 | D:8      | Reached XP level 11. HP: 44/73 MP: 11/11
 11242 | D:9      | Reached skill level 11 in Fighting
 11262 | D:9      | Noticed a centaur warrior
 11431 | D:9      | Killed a centaur warrior
 11432 | D:9      | Reached skill level 10 in Maces & Flails
 12483 | D:10     | Entered Level 10 of the Dungeon
 12760 | D:10     | Found a staircase to the Orcish Mines.
 12784 | D:10     | Found Hahotud's Armour Boutique.
 12974 | D:10     | Noticed a two-headed ogre
 12985 | D:10     | Killed a two-headed ogre
 14030 | D:11     | Noticed an oklob plant
 14094 | D:11     | Found a staircase to the Lair.
 14142 | D:11     | Found Iskaraal's Distillery.
 14155 | D:11     | Bought a potion of heal wounds for 85 gold pieces
 14155 | D:11     | Bought a potion of heal wounds for 85 gold pieces
 14444 | D:11     | Noticed a manticore
 14466 | D:11     | Mangled by a manticore

Illustrated notes

Levels and vault maps discovered:
D:1:      psy_arrival_radial02, layout_loops_ring, serial_forest,
          infiniplex_forest_straight_1, infiniplex_forest_corner_1,
          infiniplex_forest_clump_double, infiniplex_forest_side_room,
          infiniplex_forest_straight_5, shapermc_ecumenical_altar_rom_forum
D:2:      layout_loops_ring
D:3:      layout_basic, grunt_temple_overflow_forces_of_nature,
          worldfamousw_hep_ancestral_shrine, gup_sewer_entry_glass,
          kennysheep_generic_room_13, uniq_natasha
D:4:      minmay_inner_zag, layout_basic, minmay_temple_entry_steel_oval,
          uniq_grinder
D:5:      layout_rooms, kennysheep_little_box, hangedman_ru_absence
D:6:      layout_basic, lemuel_tele_altar, xom_teletrap_fun, uniq_pikel
D:7:      layout_gridville, kennysheep_mini, chequers_jeans
D:8:      layout_basic, mainiacjoe_overflow_small_starburst, uniq_gastronok
D:9:      kennysheep_kobold_camp, layout_rooms
D:10:     layout_long_grid, orc_david_3, chequers_serial_rivers_marsh,
          chequers_big_river, chequers_serial_rivers_room_a
D:11:     layout_long_grid, dpeg_oklobed_lair, serial_shops,
          nicolae_shop_hallway_plus, gammafunk_ghost_nasty_kobolds,
          serial_co_window_serial, co_window_cross_1, co_window_paths_a,
          co_window_paths_a, co_window_of_opportunity_a, co_window_paths_a,
          co_window_cross_1, co_window_corner_a, co_window_paths_a,
          co_window_paths_a, co_window_broadway_b, co_window_of_opportunity_b,
          co_window_corner_b, co_window_of_opportunity_b, glass_columns_a,
          glass_columns_a, glass_columns_a, glass_columns_b, glass_columns_c,
          kennysheep_another_room, uniq_grum
Temple:   nicolae_temple_god_jail

Skill      XL: |  1  2  3  4  5  6  7  8  9 10 11 |
---------------+----------------------------------+-----
Fighting       | 4 5 6 8 9 10 11 | 11.9
Maces & Flails | 3 4 5 7 8 9 10 | 10.7
Armour         | 4 5 6 8 |  8.8
Shields        | 4 5 6 7 8 |  8.6

Action                   |  1- 3 |  4- 6 |  7- 9 | 10-12 || total
-------------------------+-------+-------+-------+-------++-------
Melee: Flail             |   213 |   159 |   322 |       ||   694
       Whip              |       |       |   142 |    23 ||   165
       Mace              |       |       |       |   460 ||   460
Invok: Heroism           |       |       |     5 |    11 ||    16
  Use: Scroll            |     6 |     7 |     5 |     3 ||    21
       Potion            |       |     1 |     3 |       ||     4
Armor: Scale mail        |    97 |    49 |       |       ||   146
       Ring mail         |       |    58 |   297 |   268 ||   623
Dodge: Dodged            |    83 |   131 |   142 |   182 ||   538
Block: Buckler           |    35 |    38 |       |       ||    73
       Kite shield       |       |       |   187 |   315 ||   502

Table legend: (Time is in decaauts)
 A = Elapsed time spent in this place.
 B = Non-inter-level travel time spent in this place.
 C = Inter-level travel time spent in this place.
 D = Time resting spent in this place.
 E = Time spent auto-exploring this place.
 F = Levels seen in this place.
 G = Mean time per level.
                   A        B        C        D        E       F      G
               +--------+--------+--------+--------+--------+-----+--------+
         Total |  14693 |  14193 |    500 |   3377 |   8299 |  13 | 1130.2 |
       Dungeon |  14373 |  13890 |    483 |   3377 |   8145 |  11 | 1306.6 |
        Temple |     71 |     54 |     17 |      0 |     45 |   1 |   71.0 |
         Sewer |    248 |    248 |      0 |      0 |    109 |   1 |  248.0 |
               +--------+--------+--------+--------+--------+-----+--------+

Top non-repeatable levels by time:
     D:8: 3400 daAuts
     D:4: 1633 daAuts
     D:1: 1498 daAuts
     D:7: 1331 daAuts
    D:10: 1324 daAuts
     D:9: 1130 daAuts
     D:3: 984 daAuts
     D:5: 910 daAuts
     D:6: 777 daAuts
     D:2: 732 daAuts
    D:11: 651 daAuts
   Sewer: 248 daAuts
  Temple: 71 daAuts
